 Dungeon Crawl Stone Soup version 0.23-a0-550-g7de1f8e (webtiles) character file.

1337 wilfster70 the Poker (level 8, -7/63 HPs)
             Began as a Demonspawn Berserker on Nov 23, 2018.
             Was a Priest of Trog.
             Mangled by an ice beast (11 damage)
             ... on level 5 of the Dungeon on Dec 8, 2018.
             The game lasted 00:16:58 (4591 turns).

wilfster70 the Poker (Demonspawn Berserker)         Turns: 4591, Time: 00:16:58

Health: -7/63      AC: 12    Str: 19    XL:     8   Next: 35%
Magic:  8/8        EV: 12    Int:  9    God:    Trog [***...]
Gold:   187        SH:  0    Dex: 13    Spells: 7/7 levels left

rFire    . . .     SeeInvis .   a - +0 spear
rCold    . . .     Gourm    .   (no shield)
rNeg     . . .     Faith    .   v - +3 scale mail {MR+}
rPois    .         Spirit   .   (no helmet)
rElec    .         Reflect  .   (no cloak)
rCorr    .         Harm     .   (no gloves)
MR       +....                  (no boots)
Stlth    ++........             k - amulet of regeneration
HPRegen  0.60/turn              (no ring)
MPRegen  0.11/turn              (no ring)

@: no status effects
A: icy blue scales 1, nightstalker 2
a: Berserk, Trog's Hand, Renounce Religion


You were on level 5 of the Dungeon.
You worshipped Trog.
Trog was most pleased with you.
You were not hungry.

You visited 1 branch of the dungeon, and saw 5 of its levels.
You also visited: Sewer.

You collected 187 gold pieces.

Inventory:

Hand Weapons
 a - a +0 spear (weapon)
 b - a +2 whip of electrocution
 i - a +0 hunting sling
Missiles
 j - 147 stones (quivered)
Armour
 v - a +3 scale mail of magic resistance (worn)
Jewellery
 g - a +1 ring of evasion {unknown}
 k - an amulet of regeneration (around neck)
Scrolls
 d - a scroll of immolation
 f - 2 scrolls of remove curse
 m - a scroll of blinking {unknown}
 n - 8 scrolls of identify
 o - 3 scrolls of teleportation
 p - 3 scrolls of amnesia {unknown}
 r - a scroll of random uselessness {unknown}
 y - 4 scrolls of fear {unknown}
 A - a scroll of enchant weapon {unknown}
 B - a scroll of enchant armour
Potions
 e - a potion of heal wounds
 h - 2 potions of berserk rage
 l - a potion of haste
 q - 2 potions of agility {unknown}
 s - a potion of mutation {unknown}
 t - 5 potions of flight
 u - a potion of curing {unknown}
 w - 3 potions of ambrosia {unknown}
 x - a potion of invisibility {unknown}
 z - 2 potions of brilliance {unknown}
 C - 2 potions of degeneration {unknown}
Comestibles
 c - 9 rations


   Skills:
 + Level 5.4 Fighting
 * Level 6.4 Polearms
 + Level 4.5 Armour
 + Level 4.4 Dodging


You had 7 spell levels left.
You didn't know any spells.
Your spell library contained the following spells:

 Spells                   Type           Power        Failure   Level  Hunger
 Beastly Appendage        Tmut           #.....       75%         1    ##.....
 Sticks to Snakes         Tmut           #.......     86%         2    ###....
 Spider Form              Tmut/Pois      #.........   98%         3    ####...
 Ice Form                 Ice/Tmut       #.......     100%        4    #####..
 Blade Hands              Tmut           #.........   100%        5    ######.


Dungeon Overview and Level Annotations

Branches:
Dungeon (5/15)             Temple (0/1) D:4

Altars:
Cheibriados
Dithmenos
Fedhas
Hepliaklqana
Okawaru
Qazlal


Innate Abilities, Weirdness & Mutations

You are partially covered in icy blue scales. (AC +2)
You are significantly more attuned to the shadows.


Message History

The ice beast is severely wounded.
The ice beast hits you. The ice beast freezes you!
* * * LOW HITPOINT WARNING * * *
You barely miss the ice beast.
The ice beast is severely wounded.
The ice beast hits you but does no damage.
You barely miss the ice beast.
The ice beast is severely wounded.
The ice beast hits you.
* * * LOW HITPOINT WARNING * * *
The ice beast freezes you!
* * * LOW HITPOINT WARNING * * *
Your scale mail prevents you from hitting the ice beast.
The ice beast is severely wounded.
You hit the ice beast but do no damage.
The ice beast is severely wounded.
The ice beast hits you.
* * * LOW HITPOINT WARNING * * *
The ice beast freezes you!
You die...

#...........# ###########.#
#######.##### #...........# ##
##### #.#####.###.# ##. ##...#
#.##....#...# #..##'.8.#
#.##.####.###
+##..#...########.##.......[#
..#..#.#Y..#..oY@.......###.#.#
..#.###'.8o'.##########.# #.#.#
..+##..#...### #.# #.# .
..##o..#...# #.# #.# ##
..#...#'.8.# #.# .#
..'(.###...# #.. ###### #####


You could see an ice beast and an orc.

Vanquished Creatures
  Pikel (D:4)
  An ice beast (D:5)
  4 slaves (D:4)
  An ogre (D:5)
  A centaur (D:4)
  2 scorpions
  A water moccasin skeleton (D:4)
  A crimson imp (D:5)
  2 hounds
  A bullfrog skeleton (D:5)
  An orc priest (D:4)
  2 orc wizards (D:4)
  2 worker ants
  A hound skeleton (D:5)
  5 adders
  A shadow imp (D:5)
  5 oozes
  An adder skeleton (D:3)
  10 worms
  2 leopard geckos (D:2)
  9 orcs
  6 bats
  5 giant cockroaches
  7 goblins
  9 hobgoblins
  4 jackals (Sewer)
  6 kobolds
  2 quokkas
  4 ball pythons
  10 frilled lizards
  A giant cockroach zombie (D:5)
  9 rats
117 creatures vanquished.

Notes
Turn   | Place    | Note
-------+----------+-------------------------------------------
     0 | D:1      | wilfster70 the Demonspawn Berserker began the quest for the
                  | Orb.
     0 | D:1      | Reached XP level 1. HP: 18/18 MP: 1/1
   563 | D:1      | Gained mutation: You are partially covered in icy blue
                  | scales. (AC +2) [demonic ancestry]
   563 | D:1      | Reached XP level 2. HP: 24/24 MP: 2/2
   691 | D:2      | Reached skill level 3 in Polearms
  1023 | D:2      | Found a hazy altar of Hepliaklqana.
  1047 | D:2      | Gained mutation: You are slightly more attuned to the
                  | shadows. [demonic ancestry]
  1047 | D:2      | Reached XP level 3. HP: 29/29 MP: 3/3
  1299 | D:2      | Found a shadowy altar of Dithmenos.
  1340 | D:2      | Found an iron altar of Okawaru.
  1419 | D:3      | Found a stormy altar of Qazlal.
  1427 | D:3      | Found a blossoming altar of Fedhas.
  1536 | D:3      | Reached ** piety under Trog
  1630 | D:3      | Reached XP level 4. HP: 26/35 MP: 4/4
  2173 | D:4      | Found a staircase to the Ecumenical Temple.
  2302 | D:4      | Noticed a centaur
  2314 | D:4      | Killed a centaur
  2314 | D:4      | Reached skill level 4 in Polearms
  2314 | D:4      | Gained mutation: You are significantly more attuned to the
                  | shadows. [demonic ancestry]
  2314 | D:4      | Reached XP level 5. HP: 32/42 MP: 5/5
  2412 | D:4      | Found a glowing drain.
  2430 | Sewer    | Entered a sewer
  2886 | Sewer    | Reached *** piety under Trog
  2896 | Sewer    | Reached XP level 6. HP: 45/48 MP: 6/6
  3433 | D:4      | Noticed a slave
  3512 | D:3      | Upgraded the game from 0.23-a0-451-g1044d4c to
                  | 0.23-a0-550-g7de1f8e
  3527 | D:4      | Noticed Pikel
  3554 | D:4      | Killed a slave
  3611 | D:4      | Noticed a slave
  3612 | D:4      | Noticed a slave
  3612 | D:4      | Noticed a slave
  3634 | D:4      | Killed a slave
  3639 | D:4      | Killed a slave
  3652 | D:4      | Killed a slave
  4116 | D:4      | Found a staircase to the Ecumenical Temple.
  4167 | D:4      | Killed Pikel
  4167 | D:4      | Reached skill level 5 in Fighting
  4167 | D:4      | Reached skill level 5 in Polearms
  4167 | D:4      | Reached XP level 7. HP: 42/56 MP: 7/7
  4225 | D:5      | Entered Level 5 of the Dungeon
  4235 | D:5      | Found a snail-covered altar of Cheibriados.
  4273 | D:5      | Reached skill level 6 in Polearms
  4273 | D:5      | Reached XP level 8. HP: 62/62 MP: 8/8
  4591 | D:5      | Mangled by an ice beast

Vault maps used:
D:1:      co_arrival_square_in_a_square_in_a_square
D:2:      overflow_temple_1_default, lemuel_round_altar, lemuel_doored_altar
D:3:      grunt_temple_overflow_forces_of_nature, first_ration,
          guppyfry_early_orc_mine
D:4:      minmay_temple_entry_enclosed_plants, portal_sewer_entry_b, uniq_pikel
D:5:      minmay_chambers_of_threes, kennysheep_mini_moat, uniq_sigmund,
          uniq_menkaure
Sewer:    sewer_fruit_machine

Skill      XL: |  1  2  3  4  5  6  7 |
---------------+----------------------+-----
Polearms       | 3 4 5 6 |  6.4
Armour         | 2 3 4 |  4.5
Dodging        | 2 3 4 |  4.4
Fighting       | 4 5 |  5.4

Action                   |  1- 3 |  4- 6 |  7- 9 || total
-------------------------+-------+-------+-------++-------
Melee: Spear             |   145 |   433 |   111 ||   689
Invok: Berserk           |       |     6 |     2 ||     8
  Use: Scroll            |     7 |     1 |       ||     8
       Potion            |       |     2 |       ||     2
 Stab: Sleeping          |     3 |     6 |       ||     9
       Distracted        |     1 |       |       ||     1
  Eat: Chunk             |     2 |    14 |     1 ||    17
       Ration            |       |       |     1 ||     1
Armor: Animal skin       |    45 |    11 |       ||    56
       Scale mail        |       |   136 |    57 ||   193
Dodge: Dodged            |    80 |   187 |    41 ||   308

Table legend:
 A = Non-vault XP
 B = Vault XP
 C = Vault XP percentage of total XP
 D = Non-vault monster count
 E = Vault monster count
 F = Vault count percentage of total count
                 A         B        C        D         E       F
            +---------+---------+-------+---------+---------+-------
      Total |     943 |     968 |  50.7 |      71 |      42 |  37.2
            +---------+---------+-------+---------+---------+-------
        D:1 |      12 |       0 |   0.0 |       7 |       0 |   0.0
        D:2 |      57 |       0 |   0.0 |      19 |       0 |   0.0
        D:3 |      98 |      17 |  14.8 |      22 |       7 |  24.1
        D:4 |     430 |     658 |  60.5 |      16 |       6 |  27.3
        D:5 |     346 |     202 |  36.9 |       7 |       5 |  41.7
      Sewer |       0 |      91 | 100.0 |       0 |      24 | 100.0
            +---------+---------+-------+---------+---------+-------
